 Dungeon Crawl Stone Soup version 0.26-a0-504-g0cf647090d (webtiles) character file.

Game seed: 5826545690363766584

4 ReteAZ the Sneak (level 1, 0/12 HPs)
             Began as a Kobold Brigand on Aug 8, 2020.
             Slain by a frilled lizard (2 damage)
             ... on level 1 of the Dungeon.
             The game lasted 00:00:34 (564 turns).

ReteAZ the Sneak (Kobold Brigand)                    Turns: 564, Time: 00:00:35

Health: 0/12       AC:  3    Str:  8    XL:     1   Next: 77%
Magic:  1/1        EV: 14    Int: 12    God:
Gold:   58         SH:  0    Dex: 16    Spells: 0/0 levels left

rFire    . . .     SeeInvis .   i - +0 short sword
rCold    . . .     Faith    .   (shield restricted)
rNeg     . . .     Spirit   .   b - +0 robe
rPois    .         Reflect  .   (no helmet)
rElec    .         Harm     .   c - +0 cloak
rCorr    .                      (no gloves)
MR       .....                  (no boots)
Stlth    ++++......             (no amulet)
HPRegen  0.04/turn              (no ring)
MPRegen  0.07/turn              (no ring)

@: no status effects
A: small, nightstalker 3
a: no special abilities


You were on level 1 of the Dungeon.
You visited 1 branch of the dungeon, and saw 1 of its levels.

You collected 58 gold pieces.

Inventory:

Hand Weapons
 a - a +2 dagger
 i - a +0 short sword (weapon)
Missiles
 d - 7 poisoned darts (quivered)
 e - 2 curare-tipped darts
Armour
 b - a +0 robe (worn)
 c - a +0 cloak (worn)
Jewellery
 f - a +4 ring of protection {unknown}
Scrolls
 g - 2 scrolls of amnesia {unknown}
 h - a scroll of magic mapping {unknown}


   Skills:
 - Level 2.1 Fighting
 - Level 2.6 Short Blades
 - Level 2.1 Throwing
 - Level 1.2 Dodging
 * Level 5.7 Stealth


You couldn't memorise any spells.
You didn't know any spells.
Your spell library was empty.

Dungeon Overview and Level Annotations

Branches:
Dungeon (1/15)

Altars:


Innate Abilities, Weirdness & Mutations

You are small and have problems with some larger weapons.
You are completely attuned to the shadows.


Message History

The kobold hits you with a +0 short sword.
The frilled lizard closely misses you. The kobold hits you with a +0 whip.
You hit the kobold.
You kill the kobold!
The kobold barely misses you. The frilled lizard barely misses you.
You miss the frilled lizard. The kobold barely misses you.
The frilled lizard completely misses you.
You barely miss the frilled lizard. The kobold closely misses you.
The frilled lizard bites you.
* * * LOW HITPOINT WARNING * * *
You are too injured to fight recklessly!
The kobold throws a stone.
The stone closely misses you.
You see here a stone.
Throwing (i - inventory. (/) - cycle)
d - 8 poisoned darts (quivered)
Press: ? - help, Shift-Dir - straight line, f - frilled lizard
Aim: a frilled lizard You throw a poisoned dart.
The poisoned dart closely misses the frilled lizard.
The frilled lizard bites you.
You die...

#.##....... #
#.##.......
..##.##.$.....
..............
#@##.......
.##l##.#.###.
.....K....#
..##.)....# .
#(.....# ..
#......# #.
#......# #.
#......# #.
......#


You could see a kobold and a frilled lizard.

Vanquished Creatures
  A giant cockroach (D:1)
  A goblin (D:1)
  A kobold (D:1)
  A rat (D:1)
4 creatures vanquished.

Notes
Turn   | Place    | Note
-------+----------+-------------------------------------------
     0 | D:1      | ReteAZ the Kobold Brigand began the quest for the Orb.
     0 | D:1      | Reached XP level 1. HP: 12/12 MP: 1/1
   564 | D:1      | Slain by a frilled lizard

Illustrated notes

Levels and vault maps discovered:
D:1:      nagdon_arrival_zigzag_paths, layout_basic

Action                   || total
-------------------------++-------
Melee: Dagger            ||    22
       Short sword       ||     4
Throw: Dart              ||     1
 Stab: Sleeping          ||     1
Armor: Robe              ||     3
Dodge: Dodged            ||    27

Table legend: (Time is in decaauts)
 A = Elapsed time spent in this place.
 B = Non-inter-level travel time spent in this place.
 C = Inter-level travel time spent in this place.
 D = Time resting spent in this place.
 E = Time spent auto-exploring this place.
 F = Levels seen in this place.
 G = Mean time per level.
                   A        B        C        D        E       F      G
               +--------+--------+--------+--------+--------+-----+--------+
         Total |    560 |    560 |      0 |      0 |    511 |   1 |  560.0 |
       Dungeon |    560 |    560 |      0 |      0 |    511 |   1 |  560.0 |
               +--------+--------+--------+--------+--------+-----+--------+

Top non-repeatable levels by time:
     D:1: 560 daAuts
